 Dungeon Crawl Stone Soup version 0.28-a0-1387-g3a22ab9bdc (webtiles) character file.

Game seed: 1599662247788503546

140 Deminshera the Sneak (level 5, -12/26 (30) HPs)
             Began as a Kobold Brigand on Jan 2, 2022.
             Mangled by a hell rat (13 damage)
             ... on level 3 of the Dungeon.
             The game lasted 00:06:04 (4094 turns).

Deminshera the Sneak (Kobold Brigand)               Turns: 4094, Time: 00:06:05

HP:   -12/26 (30)   AC: 21    Str:  7 (10) XL:     5   Next: 46%
MP:   4/4           EV: 11    Int:  5 (7)  God:
Gold: 108           SH:  5    Dex: 13 (14) Spells: 4/4 levels left

rFire   + + .      SeeInvis .   a - +2 dagger (protect)
rCold   . . .      Faith    .   f - +0 buckler
rNeg    + . .      Spirit   .   m - +7 ring mail of Congoete {Rampage rF++ rN+ Int-4}
rPois   .          Reflect  .   (no helmet)
rElec   .          Harm     .   c - +0 cloak
rCorr   .          Rampage  +   (no gloves)
Will    .....                   k - +0 pair of boots
Stlth   +++.......              (no amulet)
HPRegen 0.08/turn               (no ring)
MPRegen 0.09/turn               (no ring)

@: brilliant, under a protective aura, heavily drained
A: small, no large weapons, nightstalker 3, clumsy 1, dopey 1, low mp 1
a: no special abilities


You were on level 3 of the Dungeon.
You visited 1 branch of the dungeon, and saw 3 of its levels.
You also visited: Sewer.

You collected 108 gold pieces.

Inventory:

Hand Weapons
 a - a +2 dagger of protection (weapon)
Missiles
 d - 22 poisoned darts (quivered)
Armour
 b - a +0 robe
 c - a +0 cloak (worn)
 f - a +0 buckler (worn)
 k - a +0 pair of boots (worn)
 m - the +7 ring mail of Congoete (worn) {Rampage rF++ rN+ Int-4}
   (You found it on level 2 of the Dungeon)

   Int:       It affects your intelligence (-4).
   rF:        It greatly protects you from fire.
   rN:        It protects you from negative energy.
   Rampage:   It bestows one free step when moving towards enemies.
Scrolls
 g - 2 scrolls of noise
 h - a scroll of identify


   Skills:
 - Level 2.2 Fighting
 - Level 2.7 Short Blades
 - Level 2.2 Throwing
 - Level 1.2 Dodging
 - Level 5.3 Stealth
 + Level 3.8 Shields


You had 4 spell levels left.
You didn't know any spells.
Your spell library contained the following spells:

 Spells                   Type           Power      Damage    Failure   Level
 Sting                    Tmut/Pois      0%         1d3       91%         1
 Poisonous Vapours        Pois/Air       0%         N/A       97%         2
 Portal Projectile        Hex/Tloc       0%         N/A       100%        3
 Tukima's Dance           Hex            0%         N/A       100%        3
 Olgreb's Toxic Radiance  Pois           0%         N/A       100%        4
 Passage of Golubria      Tloc           0%         N/A       100%        4
 Blade Hands              Tmut           0%         N/A       100%        5
 Excruciating Wounds      Necr           0%         N/A       100%        5
 Yara's Violent Unravell  Hex/Tmut       0%         3d3       100%        5


Dungeon Overview and Level Annotations

Branches:
Dungeon (3/15)              Sewer (visited)

Altars:
Fedhas


Innate Abilities, Weirdness & Mutations

You are small and have problems with some larger weapons.
You are completely attuned to the shadows.
You are clumsy. (Dex -2)
You are dopey. (Int -2)
Your magical capacity is low. (-10% MP)


Message History

The hell rat is lightly wounded.
The giant cockroach splashes around in the water.
The rat barely misses you.
The hell rat splashes around in the water.
You barely miss the hell rat.
The hell rat is lightly wounded.
The giant cockroach barely misses you. The worm closely misses you.
The rat splashes around in the water.
The hell rat splashes around in the water.
You barely miss the hell rat.
The hell rat is lightly wounded.
The giant cockroach barely misses you. The hell rat closely misses you.
You block the rat's attack.
You closely miss the hell rat.
The hell rat is lightly wounded.
The giant cockroach closely misses you.
The worm splashes around in the water.
The hell rat splashes around in the water.
The giant cockroach splashes around in the water.
You hit the hell rat but do no damage.
The hell rat is lightly wounded.
The rat splashes around in the water.
The hell rat closely misses you.
The giant cockroach bites you but does no damage.
You hit the hell rat but do no damage.
The hell rat is lightly wounded.
The rat barely misses you.
The worm splashes around in the water.
The hell rat splashes around in the water.
The giant cockroach bites you but does no damage.
You hit the hell rat but do no damage.
The hell rat is lightly wounded.
The rat splashes around in the water.
You block the hell rat's attack. You block the giant cockroach's attack.
The worm bites you but does no damage.
You barely miss the hell rat.
The hell rat is lightly wounded.
The hell rat barely misses you. The rat misses you.
You block the giant cockroach's attack.
You closely miss the hell rat.
The hell rat is lightly wounded.
The hell rat bites you!
Ouch! That really hurt!
You die...

#########
#≈r≈#≈≈≈.
#≈@w#≈≈..
#≈rBS≈...
####r≈...
#≈≈≈†≈≈$.
#..≈≈....
#≈≈≈..$..
#.†......
#..######
##.#


You could see a worm, a hell rat, a giant cockroach, a ball python and 2 rats.

Vanquished Creatures
  4 adders
  2 river rats (Sewer)
  2 dart slugs (D:1)
  4 orcs (D:3)
  3 bats
  8 endoplasms
  3 giant cockroaches
  4 hobgoblins
  8 jackals (D:1)
  7 kobolds
  5 ball pythons
  6 frilled lizards
  8 goblins
  12 rats
76 creatures vanquished.

Notes
Turn   | Place    | Note
-------+----------+-------------------------------------------
     0 | D:1      | Deminshera the Kobold Brigand began the quest for the Orb.
     0 | D:1      | Reached XP level 1. HP: 12/12 MP: 1/1
   161 | D:1      | Found a faded altar of an unknown god.
   193 | D:1      | Reached skill level 1 in Shields
   193 | D:1      | Reached XP level 2. HP: 17/17 MP: 2/2
  1428 | D:1      | Reached XP level 3. HP: 21/21 MP: 3/3
  1742 | D:1      | You fall into a shaft and drop 1 floor!
  1768 | D:2      | Identified the +7 ring mail of Congoete {Rampage rF++ rN+
                  | Int-4}
  2943 | D:2      | Found a blossoming altar of Fedhas.
  3083 | D:2      | Reached XP level 4. HP: 25/26 MP: 4/4
  3608 | D:3      | Reached XP level 5. HP: 28/30 MP: 5/5
  3904 | D:3      | Found a glowing drain.
  3909 | Sewer    | Entered a sewer
  4054 | Sewer    | Gained mutation: Your magical capacity is low. (-10% MP)
                  | [potion of mutation]
  4054 | Sewer    | Gained mutation: You are clumsy. (Dex -2) [potion of
                  | mutation]
  4054 | Sewer    | Gained mutation: You are dopey. (Int -2) [potion of
                  | mutation]
  4078 | D:3      | HP: 1/26 [worm (2)]
  4085 | D:3      | HP: 1/26 [giant cockroach (1)]
  4094 | D:3      | Mangled by a hell rat

Illustrated notes

Levels and vault maps discovered:
D:1:      scummos_arrival_checkerplants, layout_basic, serial_co_window_serial,
          co_window_paths_b, co_window_corner_a, co_window_paths_b,
          co_window_corner_a, co_window_of_opportunity_a,
          co_window_of_opportunity_c, co_window_of_opportunity_c,
          co_window_cross_3, co_window_paths_e, glass_columns_b,
          glass_columns_a, glass_columns_a,
          hellmonk_ecumenical_altar_crossroads, roderic_nine_men_s_morris,
          minivault_5
D:2:      layout_rooms, basic_altar, chequers_serial_rivers_small_a,
          minmay_misc_feat_secret_circle, solitary_fountain
D:3:      layout_rooms, led_sif_pool, portal_sewer_entry_e,
          chequers_serial_rivers_large_b, small_statue_intersection

Skill      XL: |  1  2  3  4 |
---------------+-------------+-----
Shields        | 1 2 3 |  3.8
Fighting       | |  2.2
Short Blades   | |  2.7
Throwing       | |  2.2
Dodging        | |  1.2
Stealth        | |  5.3

Action                   |  1- 3 |  4- 6 || total
-------------------------+-------+-------++-------
Melee: Dagger            |   100 |   169 ||   269
Throw: Dart              |    15 |     2 ||    17
  Use: Scroll            |       |     6 ||     6
       Potion            |       |     3 ||     3
 Stab: Sleeping          |    15 |    12 ||    27
Armor: Robe              |     9 |       ||     9
       Ring mail         |    30 |    65 ||    95
Dodge: Dodged            |    54 |   101 ||   155
Block: Buckler           |    21 |    69 ||    90

Table legend: (Time is in decaauts)
 A = Elapsed time spent in this place.
 B = Non-inter-level travel time spent in this place.
 C = Inter-level travel time spent in this place.
 D = Time resting spent in this place.
 E = Time spent auto-exploring this place.
 F = Levels seen in this place.
 G = Mean time per level.
                   A        B        C        D        E       F      G
               +--------+--------+--------+--------+--------+-----+--------+
         Total |   4131 |   3949 |    182 |    983 |   2037 |   4 | 1032.8 |
       Dungeon |   3954 |   3772 |    182 |    925 |   2022 |   3 | 1318.0 |
         Sewer |    176 |    176 |      0 |     58 |     15 |   1 |  176.0 |
               +--------+--------+--------+--------+--------+-----+--------+

Top non-repeatable levels by time:
     D:1: 2620 daAuts
     D:2: 818 daAuts
     D:3: 515 daAuts
   Sewer: 176 daAuts
